 Dungeon Crawl Stone Soup version 0.27-a0-1139-g28e009f8a6 (webtiles) character file.

Game seed: 58609949978982451

444 Snikeer the Skirmisher (level 7, -2/59 HPs)
             Began as a Formicid Abyssal Knight on May 7, 2021.
             Was a Priest of Lugonu.
             Killed from afar by an orc wizard (5 damage)
             ... with a magic dart
             ... on level 3 of the Dungeon.
             The game lasted 00:05:55 (3110 turns).

Snikeer the Skirmisher (Formicid Abyssal Knight)    Turns: 3110, Time: 00:05:56

Health: -2/59      AC:  8    Str: 19    XL:     7   Next: 23%
Magic:  8/8        EV:  2    Int: 11    God:    Lugonu [***...]
Gold:   110        SH:  0    Dex: 10    Spells: 6/6 levels left

rFire    . . .     SeeInvis +   a - +1 falchion
rCold    . . .     Faith    .   b - +1 tower shield {rN+}
rNeg     + . .     Spirit   .   g - +0 chain mail
rPois    +         Reflect  .   (helmet unavailable)
rElec    .         Harm     .   (no cloak)
rCorr    .         Rampage  .   (no gloves)
Will     .....                  (no boots)
Stlth    ..........             (no amulet)
HPRegen  0.19/turn              P - ring of poison resistance {rPois, !d}
MPRegen  0.11/turn              (no ring)

@: confused
A: permanent stasis, dig shafts and tunnels, antennae 3, four strong arms
a: Dig, Shaft Self, Renounce Religion, Depart the Abyss, Bend Space, Banish


You were on level 3 of the Dungeon.
You worshipped Lugonu.
Lugonu was most pleased with you.
You visited 1 branch of the dungeon, and saw 3 of its levels.
You visited the Abyss 1 time.

You collected 110 gold pieces.

Inventory:

Hand Weapons
 a - a +1 falchion (weapon)
Missiles
 s - 142 stones (quivered)
Armour
 b - a +1 tower shield of positive energy (worn)
   (You found it on level 1 of the Dungeon)
 g - a +0 chain mail (worn)
   (You found it on level 1 of the Dungeon)
Jewellery
 P - a ring of poison resistance (left hand) {rPois, !d}
   (You found it on level 3 of the Dungeon)
Scrolls
 c - a scroll of teleportation {unknown}
 e - 2 scrolls of enchant weapon {unknown}
 f - a scroll of vulnerability {unknown}
 h - a scroll of enchant armour {unknown}
 i - a scroll of identify {unknown}
 k - a scroll of silence {unknown}
 l - a scroll of fear {unknown}
Potions
 d - a potion of haste {unknown}
 j - 2 potions of invisibility {unknown}


   Skills:
 + Level 6.4 Fighting
 + Level 5.3 Long Blades
 - Level 2.1 Armour
 - Level 0.8 Dodging
 - Level 2.1 Invocations


You had 6 spell levels left.
You didn't know any spells.
Your spell library contained the following spells:

 Spells                   Type           Power      Damage    Failure   Level
 Summon Small Mammal      Summ           0%         N/A       100%        1
 Call Imp                 Summ           0%         N/A       100%        2
 Call Canine Familiar     Summ           0%         N/A       100%        3
 Summon Guardian Golem    Hex/Summ       0%         N/A       100%        3
 Summon Ice Beast         Ice/Summ       0%         N/A       100%        4
 Summon Lightning Spire   Summ/Air       0%         N/A       100%        4


Dungeon Overview and Level Annotations

Branches:
Dungeon (3/15)

Altars:

Shops:
D:1 (   D:2 =


Innate Abilities, Weirdness & Mutations

You cannot be hasted, slowed, berserked, paralysed or teleported.
You can dig through walls and to a lower floor.
You have a pair of large antennae on your head. (SInv)
Your four strong arms can wield two-handed weapons with a shield.


Message History

You closely miss the orc wizard.
The orc wizard hits you but does no damage. x2
You hit the orc wizard but do no damage.
The orc hits you with a +0 flail.
The orc wizard hits you but does no damage.
An orc comes into view. It is wielding a +0 flail.
You block the orc's attack.
You take 3 damage, and have 50/58 hp.
The orc shouts!
You slash the orc wizard!
You hear a shout!
The orc wizard hits you with a +0 dagger.
You block the orc's attack.
The orc wizard hits you but does no damage.
You hit the orc wizard. Lugonu accepts your kill.
An orc comes into view. It is wielding a +0 hand axe.
You block the orc's attack. The orc hits you with a +0 flail.
You take 5 damage, and have 45/59 hp.
Your shield prevents you from hitting the orc.
You block the orc's attack.
Your shield and chain mail prevent you from hitting the orc.
You block the orc's attack.
An orc wizard comes into view. It is wielding a +0 dagger.
You block the orc's attack.
You slash the orc! Lugonu accepts your kill.
The orc wizard points at you and mumbles some strange words.
You easily resist.
You block the orc's attack.
You hit the orc but do no damage. The orc hits you but does no damage. x2
You block the orc's attack.
You barely miss the orc. You block the orc's attack. x2
The orc hits you with a +0 hand axe.
You hit the orc wizard but do no damage.
You block the orc's attack. You block the orc wizard's attack.
The orc hits you but does no damage. You block the orc's attack.
The orc wizard hits you but does no damage.
Your shield and chain mail prevent you from hitting the orc wizard.
You block the orc's attack. x2
The orc wizard hits you but does no damage.
The orc hits you with a +0 hand axe.
You take 1 damage, and have 45/59 hp.
You barely miss the orc wizard. You block the orc's attack.
The orc wizard points at you and mumbles some strange words.
You easily resist.
You block the orc's attack. The orc hits you but does no damage.
The orc wizard hits you but does no damage.
You hit the orc wizard. You block the orc's attack. x2
You block the orc wizard's attack. The orc hits you but does no damage.
You hit the orc wizard. The orc hits you with a +0 flail.
You block the orc wizard's attack. The orc hits you with a +0 hand axe.
The orc hits you but does no damage.
The orc wizard hits you with a +0 dagger.
You take 8 damage, and have 38/59 hp.
You barely miss the orc wizard. You block the orc's attack.
The orc hits you but does no damage. You block the orc wizard's attack.
The orc hits you with a +0 hand axe.
You take 3 damage, and have 35/59 hp.
Your shield prevents you from hitting the orc wizard.
You block the orc's attack.
The orc wizard hits you but does no damage.
The orc hits you but does no damage. The orc hits you with a +0 flail!
The orc wizard hits you but does no damage.
You take 6 damage, and have 29/59 hp.
You hit the orc wizard but do no damage.
The orc hits you but does no damage. x2
The orc wizard points at you and mumbles some strange words.
You are confused.
The orc completely misses you. The orc hits you but does no damage.
You closely miss the orc.
The orc wizard gestures at you while chanting.
You are more confused.
The orc hits you with a +0 hand axe. The orc hits you but does no damage.
The orc wizard completely misses you.
You take 5 damage, and have 24/59 hp.
You're too confused to move!
The orc hits you with a +0 hand axe. The orc hits you with a +0 flail.
* * * LOW HITPOINT WARNING * * *
The orc wizard hits you but does no damage.
You take 7 damage, and have 17/59 hp.
You closely miss the orc wizard. The orc hits you but does no damage. x2
The orc wizard hits you but does no damage.
The orc hits you with a +0 hand axe.
* * * LOW HITPOINT WARNING * * *
The orc hits you but does no damage.
You take 4 damage, and have 13/59 hp.
You hit the orc wizard.
The orc wizard hits you but does no damage.
The orc hits you but does no damage. The orc hits you with a +0 flail.
* * * LOW HITPOINT WARNING * * *
The orc wizard hits you but does no damage.
You take 4 damage, and have 9/59 hp.
You hit the orc wizard but do no damage.
The orc hits you with a +0 hand axe.
* * * LOW HITPOINT WARNING * * *
The orc hits you with a +0 flail.
* * * LOW HITPOINT WARNING * * *
The orc wizard points at you and mumbles some strange words.
The magic dart hits you.
You die...

.###.....# #.#
......... #.# #....#
#.# # #.# #.#.# #.# {
#.#.## ##.#.####.. {
#.#..###.##.........
{
#....?...##...####..
###o.######........†
#.######@.##
#...##.###
.......o#o.##
#...##.###
.#####..##.##
#.........
##.#####.####........
#.## ##...#........
##.## ##.##.#.<......
##.###.###.##.......
##.#.## #.##.......
##.## #..........


You could see an orc wizard and 2 orcs.

Vanquished Creatures
  Sigmund (D:3)
  A sky beast (D:2)
  Natasha (D:2)
  An orc wizard (D:3)
  Robin (D:2)
  A gnoll (D:1)
  3 adders
  2 worms (D:2)
  2 dart slugs (D:1)
  2 orcs (D:3)
  5 ball pythons
  9 endoplasms
  4 giant cockroaches
  16 goblins
  5 hobgoblins
  4 jackals
  2 kobolds
  2 quokkas (D:1)
  5 bats
  7 frilled lizards
  6 rats
80 creatures vanquished.

Notes
Turn   | Place    | Note
-------+----------+-------------------------------------------
     0 | Abyss:1  | Snikeer the Formicid Abyssal Knight began the quest for the
                  | Orb.
     0 | Abyss:1  | Reached XP level 1. HP: 18/18 MP: 2/2
    16 | D:1      | Escaped the Abyss
    67 | D:1      | Found a faded altar of an unknown god.
    88 | D:1      | Found Puz Nat's Antique Weapon Boutique.
   321 | D:1      | Reached XP level 2. HP: 24/24 MP: 3/3
   413 | D:1      | Reached XP level 3. HP: 15/30 MP: 4/4
   592 | D:1      | Reached skill level 4 in Fighting
   858 | D:1      | Reached skill level 3 in Long Blades
  1001 | D:1      | Reached ** piety under Lugonu
  1021 | D:1      | Reached XP level 4. HP: 37/37 MP: 5/5
  1455 | D:2      | Noticed a sky beast
  1468 | D:2      | Killed a sky beast
  1469 | D:2      | Reached skill level 5 in Fighting
  1469 | D:2      | Reached skill level 4 in Long Blades
  1469 | D:2      | Reached XP level 5. HP: 29/44 MP: 6/6
  2104 | D:2      | Found Boun Koll's Jewellery Shop.
  2220 | D:2      | Noticed Robin
  2234 | D:2      | Reached *** piety under Lugonu
  2235 | D:2      | Reached XP level 6. HP: 37/51 MP: 7/7
  2241 | D:2      | Killed Robin
  2495 | D:2      | Noticed Natasha
  2512 | D:2      | Killed Natasha
  2884 | D:3      | Noticed Sigmund
  2894 | D:3      | Killed Sigmund
  2895 | D:3      | Reached skill level 6 in Fighting
  2895 | D:3      | Reached skill level 5 in Long Blades
  2895 | D:3      | Reached XP level 7. HP: 52/58 MP: 8/8
  3108 | D:3      | HP: 13/59 [orc/+0 hand axe (5)]
  3110 | D:3      | HP: 5/59 [orc/+0 hand axe (4)]
  3110 | D:3      | Killed from afar by an orc wizard

Illustrated notes

Levels and vault maps discovered:
D:1:      dpeg_arrival_signposts, layout_basic,
          hellmonk_ecumenical_altar_heavens_door, serial_shops, shop
D:2:      layout_basic, serial_shops, shop, ebering_dispersal_statue_hall,
          minmay_bisected, uniq_natasha, uniq_robin
D:3:      layout_loops_ring, uniq_sigmund, uniq_terence, uniq_purgy

Skill      XL: |  1  2  3  4  5  6 |
---------------+-------------------+-----
Fighting       | 4 5 6 |  6.4
Long Blades    | 3 4 5 |  5.3
Armour         | |  2.1
Dodging        | |  0.8
Invocations    | |  2.1

Action                   |  1- 3 |  4- 6 |  7- 9 || total
-------------------------+-------+-------+-------++-------
Melee: Falchion          |    64 |   128 |    53 ||   245
       Short sword       |       |    16 |       ||    16
Armor: Leather armour    |     2 |       |       ||     2
       Chain mail        |    34 |    92 |    42 ||   168
Dodge: Dodged            |    40 |    21 |     6 ||    67
Block: Tower shield      |     7 |   111 |    46 ||   164
       Rpst.: Falchion   |    13 |     7 |     1 ||    21

Table legend: (Time is in decaauts)
 A = Elapsed time spent in this place.
 B = Non-inter-level travel time spent in this place.
 C = Inter-level travel time spent in this place.
 D = Time resting spent in this place.
 E = Time spent auto-exploring this place.
 F = Levels seen in this place.
 G = Mean time per level.
                   A        B        C        D        E       F      G
               +--------+--------+--------+--------+--------+-----+--------+
         Total |   3240 |   3042 |    198 |    213 |   2146 |   4 |  810.0 |
       Dungeon |   3224 |   3026 |    198 |    213 |   2139 |   3 | 1074.7 |
         Abyss |     16 |     16 |      0 |      0 |      7 |   1 |   16.0 |
               +--------+--------+--------+--------+--------+-----+--------+

Top non-repeatable levels by time:
     D:2: 1559 daAuts
     D:1: 1465 daAuts
     D:3: 200 daAuts
 Abyss:1: 16 daAuts

Table legend:
 A = Kills in this place as a percentage of kills in entire the game.
 B = Kills by you in this place as a percentage of kills by you in the entire game.
 C = Kills by friends in this place as a percentage of kills by friends in the entire game.
 D = Other kills in this place as a percentage of other kills in the entire game.
 E = Experience gained in this place as a percentage of experience gained in the entire game.
 F = Experience gained in this place divided by the number of levels of this place that you have seen.
                   A       B       C       D       E      F
               +-------+-------+-------+-------+-------+----------------------
         Total | 100.0 | 100.0 |   N/A |   N/A | 100.0 | 158.8
       Dungeon | 100.0 | 100.0 |   N/A |   N/A | 100.0 | 211.7
               +-------+-------+-------+-------+-------+----------------------
